 Dungeon Crawl Stone Soup version 0.26-a0-710-g95a0c6c400 (webtiles) character file.

Game seed: 3022095357363562548

158274 Riddle the Peltast (level 17, -1/223 HPs)
             Began as a Merfolk Transmuter on Oct 30, 2020.
             Was the Champion of Dithmenos.
             Slain by a shambling mangrove (6 damage)
             ... on level 2 of the Swamp.
             The game lasted 02:08:21 (38437 turns).

Riddle the Peltast (Merfolk Transmuter)            Turns: 38437, Time: 02:08:22

Health: -1/223     AC: 28    Str: 11    XL:     17   Next: 71%
Magic:  0/20       EV: -1    Int: 12    God:    Dithmenos [******]
Gold:   1706       SH: 22    Dex: 21    Spells: 19/20 levels left

rFire    . . .     SeeInvis .   q - +3 trident (vorpal)
rCold    + . .     Faith    .   U - +2 tower shield
rNeg     + + +     Spirit   +   (armour currently unavailable)
rPois    +         Reflect  .   (helmet currently unavailable)
rElec    .         Harm     .   (cloak currently unavailable)
rCorr    .         Rampage  .   (gloves currently unavailable)
MR       +....     NoTele   +   (boots currently unavailable)
Stlth    +++++++++.             H - amulet of guardian spirit
HPRegen  0.47/turn              u - +4 ring of evasion
MPRegen  0.17/turn              Z - ring of protection from cold

@: tree-form, grasped by roots, wreathed by umbra, constricted, very slow
A: (change form in water), (swift swim), (stealthy swim)
a: Shadow Step, Shadow Form, Renounce Religion


You were on level 2 of the Swamp.
You worshipped Dithmenos.
Dithmenos was exalted by your worship.
You were a tree.
You visited 5 branches of the dungeon, and saw 27 of its levels.
You also visited: Ossuary.

You collected 2907 gold pieces.
You spent 1201 gold pieces at shops.

Inventory:

Hand Weapons
 m - a +2 trident of flaming
 q - a +3 vorpal trident (weapon)
Armour
 p - a +1 pair of boots
 s - a +1 helmet (melded)
 G - a +2 pair of gloves (melded)
 J - a +4 chain mail of cold resistance
 O - the +1 cloak of the Little Devil (melded) {*Drain rPois MR- Regen+}
   (You bought it in a shop on level 2 of the Orcish Mines)

   It protects you from poison.
   It affects your resistance to hostile enchantments.
   It increases your rate of regeneration.
   It causes draining when unequipped.
 Q - a +0 troll leather armour (melded)
 U - a +2 tower shield (worn)
Jewellery
 a - an uncursed ring of ice
 g - a +4 ring of evasion
 u - a +4 ring of evasion (left branch)
 w - an uncursed amulet of the acrobat
 H - an amulet of guardian spirit (around neck)
 Z - a ring of protection from cold (right branch)
Wands
 i - a wand of paralysis (25)
 o - a wand of digging (6)
 t - a wand of polymorph (29)
 A - a wand of acid (5)
 E - a wand of flame (47)
 Y - a wand of enslavement (18)
Scrolls
 e - 4 scrolls of enchant armour
 f - 10 scrolls of identify
 j - 8 scrolls of fear
 k - 6 scrolls of immolation
 l - 12 scrolls of remove curse
 n - 5 scrolls of teleportation
 r - 7 scrolls of amnesia
 D - 2 scrolls of holy word {unknown}
 I - 6 scrolls of magic mapping
 K - a scroll of brand weapon {unknown}
 L - 2 scrolls of summoning
 P - a scroll of random uselessness {unknown}
 S - 4 scrolls of vulnerability
 T - a scroll of blinking
 V - 4 scrolls of fog
 X - 4 scrolls of enchant weapon {unknown}
Potions
 b - 6 potions of mutation
 c - 3 potions of heal wounds
 d - 2 potions of invisibility {unknown}
 v - 4 potions of berserk rage
 x - 3 potions of lignification
 z - 5 potions of haste {unknown}
 B - 9 potions of ambrosia
 C - 4 potions of magic
 F - 5 potions of curing
 M - 5 potions of stabbing
 N - 4 potions of flight {unknown}
 R - 3 potions of might {unknown}
 W - 4 potions of brilliance
Miscellaneous
 h - a lightning rod (4/4)


   Skills:
 + Level 17.8 Fighting
 - Level 16.0 Polearms
 - Level 4.0 Armour
 - Level 12.0 Dodging
 - Level 11.0 Stealth
 - Level 18.1 Shields
 - Level 3.2 Unarmed Combat
 - Level 2.0 Spellcasting
 - Level 5.0 Transmutations


You had 19 spell levels left.
You knew the following spells:

 Your Spells              Type           Power        Failure   Level
a - Beastly Appendage     Tmut           ##....       9%          1

Your spell library contained the following spells:

 Spells                   Type           Power        Failure   Level
 Wereblood                Tmut           ##......     13%         2
 Sting                    Tmut/Pois      #...         24%         1
 Apportation              Tloc           #.....       54%         1
 Corona                   Hex            #......      54%         1
 Foxfire                  Conj/Fire      #...         54%         1
 Freeze                   Ice            #...         54%         1
 Magic Dart               Conj           #...         54%         1
 Shock                    Conj/Air       #...         54%         1
 Spider Form              Tmut/Pois      #.........   56%         3
 Ensorcelled Hibernation  Hex/Ice        #.....       69%         2
 Poisonous Vapours        Pois/Air       #.....       69%         2
 Searing Ray              Conj           #.....       69%         2
 Slow                     Hex            #.......     69%         2
 Swiftness                Air            #.......     69%         2
 Ignite Poison            Fire/Tmut/Pois #.......     71%         3
 Call Canine Familiar     Summ           #.......     89%         3
 Confusing Touch          Hex            #.......     89%         3
 Dazzling Flash           Conj/Hex       #.....       89%         3
 Frozen Ramparts          Ice            #.....       89%         3
 Gell's Gravitas          Tloc           #.........   89%         3
 Inner Flame              Hex/Fire       #.......     89%         3
 Lesser Beckoning         Tloc           #.........   89%         3
 Mephitic Cloud           Conj/Pois/Air  #.......     89%         3
 Ozocubu's Armour         Ice            #.......     89%         3
 Portal Projectile        Hex/Tloc       #.....       89%         3
 Static Discharge         Conj/Air       #.......     89%         3
 Tukima's Dance           Hex            #.......     89%         3
 Ice Form                 Ice/Tmut       #.......     93%         4
 Petrify                  Tmut/Erth      #.......     93%         4
 Blade Hands              Tmut           ##........   93%         5
 Airstrike                Air            #.........   100%        4
 Cause Fear               Hex            #.........   100%        4
 Fulminant Prism          Conj/Hex       #.........   100%        4
 Hailstorm                Conj/Ice       #.......     100%        4
 Iskenderun's Mystic Bla  Conj/Tloc      #.......     100%        4
 Leda's Liquefaction      Hex/Erth       #.........   100%        4
 Olgreb's Toxic Radiance  Pois           #.......     100%        4
 Sticky Flame             Conj/Fire      #.......     100%        4
 Summon Ice Beast         Ice/Summ       #.......     100%        4
 Alistair's Intoxication  Tmut/Pois      #........    100%        5
 Lightning Bolt           Conj/Air       #.........   100%        5
 Metabolic Englaciation   Hex/Ice        #.........   100%        5
 Summon Mana Viper        Hex/Summ       #.......     100%        5
 Yara's Violent Unravell  Hex/Tmut       #.........   100%        5
 Dispersal                Tloc           #.........   100%        6
 Invisibility             Hex            #.......     100%        6
 Malign Gateway           Summ/Tloc      #.........   100%        7
 Disjunction              Tloc           #.........   100%        8


Dungeon Overview and Level Annotations

Branches:
Dungeon (15/15)            Temple (0/1) D:7            Lair (6/6) D:10
  Swamp (2/4) Lair:3       Spider (2/4) Lair:2        Slime (0/5) Lair:6
    Orc (2/2) D:10            Elf (0/3) Orc:2        Vaults (0/5) D:13
 Depths (0/5) D:15        Ossuary (visited)

Altars:
Dithmenos
Gozag
Okawaru
Xom
Yredelemnul
Beogh
Jiyva

Shops:
D:5 [   D:6 [   D:12 *   D:14 :   Orc:2 ?[(*!

Annotations:
D:5 3 runed translucent doors, lilly's ghost, weakling MiMo
D:7 3 runed translucent doors
D:13 Azrael
Lair:6 exclusion: ice statue
Spider:1 Sajuapom's ghost, adept MiFi
Spider:2 fritzmikael's ghost, adept MiMo


Message History

The grasping roots constrict you. You block the hornet's attack.
You hit the shambling mangrove but do no damage.
The shambling mangrove is almost destroyed.
You block the spriggan rider's attack. The hornet stings you!
* * * LOW HITPOINT WARNING * * *
You emit a cloud of dark smoke.
The spriggan rider hits you from afar with a +0 spear.
* * * LOW HITPOINT WARNING * * *
You block the shambling mangrove's attack.
* * * LOW HITPOINT WARNING * * *
The grasping roots constrict you.
You feel much better.
You feel yourself speed up. You block the hornet's attack.
The spriggan rider hits you but does no damage.
You block the hornet's attack.
The spriggan rider hits you from afar with a +0 spear!
* * * LOW HITPOINT WARNING * * *
The shambling mangrove hits you but does no damage.
You die...

♣♣♣ ♣♣≈♣♣ ♣y§§♣
♣♣♣♣♣♣ ♣♣fiy♣♣♣♣♣
♣♣iw.♣♣≈♣♣
♣wy.♣≈.≈♣
♣♣≈≈†...♣♣
♣♣≈≈≈..≈.♣♣♣ ♣♣
♣≈.≈≈≈.....♣♣♣..
♣≈.........≈≈≈.≈
♣.♣.♣♣..##'#≈.≈♣≈


You could see a shambling mangrove, 2 spriggan riders, 2 swamp worms and 2
hornets.

Vanquished Creatures
  Jorgrun (D:12)
  2 acid blobs (Lair:6)
  Agnes (D:14)
  Frances (D:13)
  Kirke (D:12)
  An orc warlord (Orc:1)
  The ghost of Asoiz the Protected, an adept TeMo of Makhleb (Spider:2)
  The ghost of brucemayne the Executioner, a journeyman HOMo of the Shining One (Spider:2)
  Nessos (D:13)
  An entropy weaver (Spider:2)
  4 dire elephants (Lair:6)
  Josephine (D:13)
  Fannar (D:12)
  8 vault guards (D:13)
  A ghost crab (Swamp:1)
  7 boulder beetles
  A catoblepas (D:14)
  A rakshasa (D:15)
  9 hydras
  3 shambling mangroves
  2 centaur warriors
  4 alligators
  18 two-headed ogres
  An anaconda (Lair:6)
  An ogre mage (Orc:2)
  A death yak (D:10)
  3 tengu warriors (D:13)
  Urug (D:12)
  5 orc high priests
  Sonja (D:12)
  An unseen horror (D:15)
  2 swamp dragons
  A lindwurm (shapeshifter) (D:14)
  3 orc knights
  A wolf spider zombie (D:12)
  5 orb spiders
  The ghost of Sensen the Destroyer, a novice DrCj of Vehumet (D:6)
  6 wolf spiders
  An orc sorcerer (Orc:2)
  An ugly thing (D:13)
  2 oklob plants (Lair:6)
  6 manticores
  A salamander (D:15)
  9 cyclopes
  11 elephants
  2 centaur zombies
  5 black mambas
  Joseph (D:7)
  2 torpor snails
  13 cane toads
  2 gargoyles
  A yaktaur (D:15)
  6 komodo dragons
  4 kobold demonologists
  5 rime drakes
  4 demonic crawlers
  3 freezing wraiths
  2 efreet (D:15)
  10 jumping spiders
  3 polar bears (Lair:6)
  9 hornets
  3 meliai
  14 trolls
  A queen bee (D:13)
  24 slime creatures
  11 tyrant leeches
  A wolf spider simulacrum (D:14)
  19 blink frogs
  A bog body (Swamp:2)
  2 dream sheep (Lair:2)
  A meliai zombie (D:15)
  6 tarantellas
  A vampire (D:9)
  9 wraiths
  2 spriggans (Swamp:2)
  28 redbacks
  A tarantella (shapeshifter) (D:15)
  2 shadows
  2 fire elementals
  8 wyverns
  A human (D:9)
  4 basilisks
  Grum (D:8)
  5 hogs (D:12)
  85 yaks
  13 vampire mosquitoes
  8 wargs
  3 acid dragons
  A soldier ant (D:11)
  8 swamp worms
  16 insubstantial wisps (Swamp:1)
  15 water moccasins
  4 hell hounds
  6 sky beasts
  29 orc warriors
  2 swamp drakes
  13 ice beasts
  4 black bears
  11 necrophages
  15 centaurs
  11 ogres
  4 phantoms
  16 wolves
  10 big kobolds
  15 bullfrogs
  6 earth elementals (D:14)
  A wyvern skeleton (D:14)
  5 scorpions
  A water moccasin zombie (D:9)
  46 killer bees
  19 wights
  4 electric eels
  5 jellies
  7 howler monkeys
  2 quasits
  A bullfrog zombie (D:13)
  A bullfrog skeleton (D:4)
  30 orc priests
  3 hounds
  3 centaur skeletons
  Jessica (D:2)
  4 iguanas
  26 orc wizards
  7 hell rats (Lair:5)
  11 worker ants
  2 hound skeletons
  A worker ant zombie (D:10)
  7 adders
  A howler monkey skeleton (D:9)
  2 shadow imps
  A white imp (D:7)
  An ufetubus (D:9)
  An adder zombie (Ossuary)
  3 oozes
  An adder skeleton (D:4)
  5 worms
  3 dart slugs
  5 leopard geckos
  110 orcs
  3 ball pythons
  10 bats
  6 giant cockroaches
  7 goblins
  9 hobgoblins
  9 jackals
  5 quokkas
  A ball python skeleton (Ossuary)
  2 frilled lizards
  A goblin skeleton (D:9)
  2 hobgoblin skeletons (Ossuary)
  A hobgoblin zombie (Ossuary)
  25 kobolds
  A kobold zombie (Ossuary)
  A leopard gecko skeleton (D:5)
  2 orc skeletons (Ossuary)
  An orc zombie (Ossuary)
  A quokka skeleton (D:7)
  8 rats
1064 creatures vanquished.

Vanquished Creatures (others)
  An ogre mage (D:15)
  An orb spider (Spider:1)
  A redback (Spider:2)
  A yak (D:13)
  A swamp worm (Swamp:2)
  An orc wizard (D:12)
  23 fungi
  58 plants
  2 withered plants (Spider:2)
89 creatures vanquished.

Grand Total: 1153 creatures vanquished

Notes
Turn   | Place    | Note
-------+----------+-------------------------------------------
     0 | D:1      | Riddle the Merfolk Transmuter began the quest for the Orb.
     0 | D:1      | Reached XP level 1. HP: 15/15 MP: 3/3
   171 | D:1      | Reached XP level 2. HP: 22/22 MP: 3/5
   185 | D:1      | Reached skill level 1 in Stealth
   583 | D:1      | Reached XP level 3. HP: 22/28 MP: 4/6
  1489 | D:2      | Reached XP level 4. HP: 15/35 MP: 7/7
  1922 | D:2      | Noticed Jessica
  1930 | D:2      | Killed Jessica
  2384 | D:3      | Noticed a centaur
  2599 | D:3      | Reached skill level 1 in Polearms
  2599 | D:3      | Reached XP level 5. HP: 41/41 MP: 6/8
  2703 | D:3      | Found an opulent altar of Gozag.
  3641 | D:4      | Reached XP level 6. HP: 9/48 MP: 7/9
  4443 | D:5      | Entered Level 5 of the Dungeon
  4602 | D:5      | Noticed lilly's ghost (weakling MiMo)
  4602 | D:5      | Noticed an ice beast
  4604 | D:5      | Noticed an ice beast
  4711 | D:5      | Found a runed translucent gate.
  4711 | D:5      | Found a runed translucent gate.
  4735 | D:5      | Found a runed translucent gate.
  4744 | D:5      | Found Inkuc's Antique Armour Boutique.
  4744 | D:5      | Noticed a sky beast
  4744 | D:5      | Noticed a sky beast
  5117 | D:3      | Reached XP level 7. HP: 55/55 MP: 10/10
  5595 | D:5      | Found a shimmering altar of Xom.
  5601 | D:5      | Bought a dazzling leather armour for 217 gold pieces
  5612 | D:5      | Identified the cursed +1 leather armour "Paommug" {MR++
                  | Int+3} (You bought it in a shop on level 5 of the Dungeon)
  5630 | D:5      | Reached skill level 5 in Fighting
  5759 | D:5      | Reached skill level 1 in Armour
  5793 | D:5      | Found a shimmering altar of Xom.
  5794 | D:5      | Found a shimmering altar of Xom.
  5794 | D:5      | Found a shimmering altar of Xom.
  6062 | D:6      | Reached skill level 5 in Polearms
  6062 | D:6      | Reached skill level 5 in Dodging
  6062 | D:6      | Reached skill level 5 in Transmutations
  6088 | D:6      | Reached XP level 8. HP: 62/62 MP: 11/11
  6341 | D:6      | Found a shadowy altar of Dithmenos.
  6358 | D:6      | Became a worshipper of Dithmenos the Shadowed
  6463 | D:6      | Found a runed translucent door.
  6463 | D:6      | Noticed Sensen's ghost (novice DrCj)
  6668 | D:7      | Found a runed translucent door.
  6668 | D:7      | Noticed a troll
  6681 | D:7      | Found a sand-covered staircase.
  6686 | Ossuary  | Entered an ossuary
  6816 | Ossuary  | Noticed a wraith
  6816 | Ossuary  | Noticed a flying skull
  6921 | Ossuary  | Noticed a flying skull
  6923 | Ossuary  | Noticed a flying skull
  6930 | Ossuary  | Noticed a flying skull
  6953 | Ossuary  | Noticed a wraith
  7031 | Ossuary  | Noticed a wraith
  7047 | Ossuary  | Killed a wraith
  7049 | Ossuary  | Noticed a flying skull
  7077 | Ossuary  | Killed a wraith
  7239 | D:7      | Noticed Joseph
  7256 | D:7      | Killed Joseph
  7256 | D:7      | Reached skill level 5 in Stealth
  7256 | D:7      | Reached XP level 9. HP: 16/71 MP: 12/12
  7799 | D:6      | Killed Sensen's ghost
  8181 | D:6      | Found Giuggy's Armour Shoppe.
  8189 | D:6      | Bought a +1 helmet for 149 gold pieces
  8258 | D:7      | Noticed a cyan ugly thing
  8260 | D:7      | Found a runed translucent door.
  8260 | D:7      | Found a runed translucent door.
  8435 | D:7      | Found a staircase to the Ecumenical Temple.
  8484 | D:7      | Reached * piety under Dithmenos
  8484 | D:7      | Noticed a two-headed ogre
  9082 | D:7      | Reached XP level 10. HP: 80/80 MP: 11/13
  9477 | D:7      | Reached skill level 10 in Polearms
  9576 | D:8      | Noticed a two-headed ogre
  9584 | D:8      | Killed a two-headed ogre
  9584 | D:8      | Reached skill level 1 in Shields
  9802 | D:8      | Found a roughly hewn altar of Beogh.
  9826 | D:8      | Reached ** piety under Dithmenos
  9983 | D:8      | Reached skill level 2 in Shields
 10296 | D:8      | Reached *** piety under Dithmenos
 10346 | D:8      | Noticed Grum
 10365 | D:8      | Killed Grum
 10365 | D:8      | Reached skill level 3 in Shields
 10754 | D:8      | Reached XP level 11. HP: 80/89 MP: 11/14
 11481 | D:9      | Reached skill level 4 in Shields
 11577 | D:9      | Found an iron altar of Okawaru.
 11588 | D:9      | Reached **** piety under Dithmenos
 11677 | D:9      | Found a runed translucent door.
 11698 | D:9      | Found a basalt altar of Yredelemnul.
 11718 | D:9      | Reached skill level 10 in Fighting
 11804 | D:9      | You fall into a shaft and drop 1 floor!
 11804 | D:10     | Entered Level 10 of the Dungeon
 11820 | D:10     | Found a staircase to the Lair.
 11820 | D:10     | Noticed a death yak
 12375 | D:9      | Found a shadowy altar of Dithmenos.
 13134 | D:10     | Found a staircase to the Orcish Mines.
 13147 | Orc:1    | Entered Level 1 of the Orcish Mines
 13176 | Orc:1    | Noticed an orc high priest
 13883 | D:10     | Killed a death yak
 14448 | D:11     | Reached ***** piety under Dithmenos
 14459 | D:11     | Reached XP level 12. HP: 100/100 MP: 15/15
 14661 | D:11     | Reached skill level 10 in Dodging
 15180 | D:11     | Noticed a two-headed ogre
 15190 | D:11     | Killed a two-headed ogre
 15434 | D:12     | Noticed Fannar
 15435 | D:12     | Noticed Urug
 15515 | D:12     | Noticed Jorgrun
 15643 | Lair:1   | Entered Level 1 of the Lair of Beasts
 15704 | Lair:1   | Noticed a six-headed hydra
 15724 | Lair:1   | Killed an 11-headed hydra
 16498 | Lair:2   | Found a hole to the Spider Nest.
 16518 | Spider:1 | Entered Level 1 of the Spider Nest
 16590 | Lair:2   | Reached skill level 15 in Polearms
 16837 | Lair:2   | Reached XP level 13. HP: 109/109 MP: 16/16
 16953 | Lair:2   | Reached skill level 10 in Stealth
 17559 | Lair:3   | Found a staircase to the Swamp.
 17925 | Lair:3   | Reached ****** piety under Dithmenos
 19439 | Lair:5   | Reached skill level 5 in Shields
 19882 | Lair:5   | Reached skill level 6 in Shields
 20147 | Lair:6   | Entered Level 6 of the Lair of Beasts
 20210 | Lair:6   | Reached XP level 14. HP: 114/119 MP: 15/17
 20293 | Lair:6   | Found a runed translucent door.
 20365 | Lair:6   | Reached skill level 7 in Shields
 20561 | Lair:6   | Reached skill level 8 in Shields
 20969 | Lair:6   | Noticed an acid blob
 20970 | Lair:6   | Found a viscous altar of Jiyva.
 20988 | Lair:6   | Found a staircase to the Slime Pits.
 20988 | Lair:6   | Noticed an acid blob
 21578 | Lair:6   | Reached skill level 9 in Shields
 22217 | Lair:6   | Noticed a dire elephant
 22217 | Lair:6   | Noticed a dire elephant
 22227 | Lair:6   | Noticed a dire elephant
 22278 | Lair:6   | Killed a dire elephant
 22336 | Lair:6   | Noticed a dire elephant
 22474 | Lair:6   | Killed a dire elephant
 22474 | Lair:6   | Reached skill level 10 in Shields
 22825 | Lair:6   | Killed a dire elephant
 22930 | Lair:6   | Killed a dire elephant
 23377 | Lair:6   | Killed an acid blob
 23500 | Lair:6   | Reached skill level 11 in Shields
 23562 | Lair:6   | Killed an acid blob
 24651 | Orc:2    | Entered Level 2 of the Orcish Mines
 24699 | Orc:1    | Reached skill level 12 in Shields
 24845 | Orc:2    | Reached XP level 15. HP: 105/126 MP: 15/18
 24911 | Orc:2    | Found a roughly hewn altar of Beogh.
 25547 | Orc:2    | Found Wocvyr's Distillery.
 25559 | Orc:2    | Bought 2 potions of curing for 96 gold pieces
 25559 | Orc:2    | Bought a potion of heal wounds for 80 gold pieces
 25559 | Orc:2    | Bought a potion of heal wounds for 80 gold pieces
 25693 | Orc:2    | Noticed an orc warlord
 25772 | Orc:1    | Reached skill level 13 in Shields
 25811 | Orc:1    | Killed an orc warlord
 26139 | Orc:2    | Found Ylaluc's Weapon Emporium.
 26139 | Orc:2    | Found Aloz's General Store.
 26140 | Orc:2    | Found Jogiep's Antique Armour Shoppe.
 26143 | Orc:2    | Found Abivi's Magic Scroll Shoppe.
 26203 | Orc:2    | Bought a scroll of blinking for 90 gold pieces
 26203 | Orc:2    | Bought a scroll of fog for 24 gold pieces
 26206 | Orc:2    | Bought a potion of heal wounds for 85 gold pieces
 26206 | Orc:2    | Bought the +1 cloak of the Little Devil {*Drain rPois MR-
                  | Regen+} for 185 gold pieces
 26206 | Orc:2    | Bought a potion of curing for 51 gold pieces
 26534 | Orc:2    | Found a staircase to the Elven Halls.
 26927 | D:12     | Killed Jorgrun
 26996 | D:12     | Found Labie's General Store.
 27036 | D:12     | Reached skill level 14 in Shields
 27115 | D:12     | Killed Fannar
 27206 | D:12     | Killed Urug
 27281 | D:12     | Noticed Sonja
 27291 | D:12     | Killed Sonja
 27446 | D:12     | Noticed Kirke
 27598 | D:12     | Killed Kirke
 27807 | D:12     | Bought a scroll of identify for 36 gold pieces
 27807 | D:12     | Bought 3 scrolls of identify for 108 gold pieces
 28473 | D:13     | Reached skill level 15 in Shields
 28490 | D:13     | Noticed Frances
 28588 | D:13     | Killed Frances
 28666 | D:13     | Noticed Josephine
 28755 | D:13     | Noticed Nessos
 28827 | D:13     | Killed Nessos
 28850 | D:13     | Killed Josephine
 29111 | D:13     | Noticed Azrael
 29586 | D:13     | Reached XP level 16. HP: 134/134 MP: 19/19
 29714 | D:13     | Found a gate to the Vaults.
 29916 | D:13     | Reached skill level 16 in Shields
 29943 | D:14     | Found Eraoduim's Book Shop.
 30266 | D:14     | Reached skill level 15 in Fighting
 30345 | D:14     | Noticed Agnes
 30380 | D:14     | Killed Agnes
 31298 | D:15     | Entered Level 15 of the Dungeon
 31337 | D:15     | Found a staircase to the Depths.
 31883 | D:15     | Reached skill level 17 in Shields
 32376 | D:15     | Identified Eziyr's Handbook of the Escort and Heat
 33000 | D:13     | HP: 5/137 [Azrael/bolt of fire (40)]
 34078 | Spider:1 | Reached XP level 17. HP: 122/144 MP: 15/20
 34881 | Spider:2 | Reached skill level 18 in Shields
 35064 | Spider:2 | Found a runed translucent gate.
 35065 | Spider:2 | Found a runed translucent gate.
 35065 | Spider:2 | Found a runed translucent gate.
 35066 | Spider:2 | Noticed fritzmikael's ghost (adept MiMo)
 35067 | Spider:2 | Noticed Asoiz's ghost (adept TeMo)
 35067 | Spider:2 | Noticed brucemayne's ghost (journeyman HOMo)
 35067 | Spider:2 | Noticed Sajuapom's ghost (adept MiFi)
 35866 | Spider:2 | Killed Asoiz's ghost
 35999 | Spider:2 | HP: 6/144 [fritzmikael's ghost (16)]
 36376 | Spider:2 | Killed brucemayne's ghost
 36687 | Swamp:1  | Entered Level 1 of the Swamp
 38436 | Swamp:2  | HP: 10/223 [hornet[a shambling mangrove] (8)]
 38436 | Swamp:2  | HP: 2/223 [shambling mangrove (5)]
 38437 | Swamp:2  | Slain by a shambling mangrove

Illustrated notes

Levels and vault maps discovered:
D:1:      dpeg_arrival_boxes_within_box, layout_basic
D:2:      layout_loops_ring, chequers_serial_rivers_room_b, uniq_jessica
D:3:      layout_basic, grunt_gozag_breadcrumbs
D:4:      layout_cave_pods
D:5:      layout_rooms, gammafunk_ghost_icy, serial_shops, shop_fountains,
          xom_redecorated
D:6:      layout_loops_ring, serial_shops, shop, ebering_ghost_sewer_d,
          basic_altar, nrook_campfire, serial_bayou_crossing
D:7:      minmay_the_grid_four_pointed_star [minmay_the_grid_triangle_9x9_alien,
          minmay_the_grid_triangle_9x9_zippers_horizontal,
          minmay_the_grid_triangle_9x9_fully_insulated_deathbox,
          minmay_the_grid_triangle_9x9_corruption,
          minmay_the_grid_prize_four_corners], layout_basic,
          minmay_temple_entry_waves, enter_ossuary_5, grunt_ministairs_14,
          uniq_joseph
D:8:      layout_loops_cross, special_room [special_room_orc],
          serial_bayou_lagoon_a, uniq_grum
D:9:      layout_irregular_city, lemuel_crystal_altar, basic_altar,
          dk_yredelemnul_ordeal
D:10:     layout_roguey, david_lair_generic, david_orc_4
D:11:     layout_irregular_city
D:12:     layout_irregular_city, serial_shops, shop, uniq_sonja, uniq_kirke,
          uniq_jorgrun, uniq_fannar, uniq_urug
D:13:     layout_roguey [special_room_bee], erik_vaults_2, hive_lemuel,
          uniq_frances, uniq_josephine, uniq_nessos, uniq_azrael
D:14:     layout_cave_pools, gauntlet_entry_generic,
          chequers_serial_rivers_room_b, serial_shops, shop_statue,
          hangedman_cracks_in_the_wall, uniq_agnes
D:15:     hangedman_depths_entry_try_elsewhere_first, layout_basic,
          minmay_fractal_squares_5
Lair:1:   layout_loops_ring, grunt_megastairs_3
Lair:2:   layout_regular_city, spider_nest_entry_rubble
Lair:3:   layout_cave_pods, swamp_mist, grunt_megastairs_2, lemuel_fruit_fields,
          serial_bayou_shore_a, infiniplex_staircase_pool_2
Lair:4:   layout_long_grid, roderic_carrion_pond
Lair:5:   layout_long_grid, lookout_lair_type
Lair:6:   due_jungle_book, layout_long_grid, slime_altar_2, ice2_lemuel,
          infiniplex_staircase_pool, lemuel_fruit_tree,
          minmay_lair_oklob_chamber
Swamp:1:  layout_basic_swamp, evilmike_swamp_ruin_house_6, swamp_pool1
Swamp:2:  layout_falls_marsh, evilmike_swamp_ruin_house_5
Spider:1: layout_spider_delve
Spider:2: layout_spider_delve, gammafunk_ghost_cemetery,
          hangedman_stitches_earthworm
Orc:1:    layout_caves, nicolae_orc_rockfall
Orc:2:    st_orc_mages, layout_diamond_mine, serial_shops, shop, basic_altar

Skill      XL: |  1  2  3  4  5  6  7  8  9 10 11 12 13 14 15 16 17 |
---------------+----------------------------------------------------+-----
Dodging        | 3 4 5 6 7 8 9 11 12 | 12.0
Stealth        | 1 2 3 5 6 7 8 9 11 | 11.0
Fighting       | 2 3 4 5 6 8 9 11 12 14 15 17 | 17.8
Polearms       | 1 2 3 5 7 9 11 13 15 16 | 16.0
Transmutations | 3 5 |  5.0
Armour         | 1 2 3 4 |  4.0
Shields        | 3 4 6 12 15 17 18 | 18.1
Unarmed Combat | |  3.2
Spellcasting   | |  2.0

Action                   |  1- 3 |  4- 6 |  7- 9 | 10-12 | 13-15 | 16-18 || total
-------------------------+-------+-------+-------+-------+-------+-------++-------
Melee: Unarmed           |    85 |     4 |       |       |     3 |       ||    92
       Headbutt          |    10 |    19 |    49 |   169 |   293 |   325 ||   865
       Punch             |     1 |     1 |     4 |       |       |       ||     6
       Dagger            |    10 |    35 |       |       |       |       ||    45
       Trident           |       |   151 |   320 |   926 |  2535 |  2549 ||  6481
       Tailslap          |       |       |     1 |     9 |    44 |   104 ||   158
       Halberd           |       |       |       |   214 |       |       ||   214
 Cast: Beastly Appendage |    23 |    31 |    35 |    91 |   101 |    98 ||   379
 Abil: End Transformatio |       |       |     1 |       |       |       ||     1
Evoke: Wand              |       |       |       |       |       |     2 ||     2
  Use: Potion            |       |     3 |     3 |     3 |     3 |     6 ||    18
       Scroll            |       |     1 |     6 |     5 |    17 |     5 ||    34
 Stab: Sleeping          |     1 |       |    13 |    25 |    39 |    28 ||   106
       Distracted        |       |       |     1 |     4 |    10 |     7 ||    22
       Petrified         |       |       |       |       |       |     5 ||     5
       Petrifying        |       |       |       |       |       |     3 ||     3
       Confused          |       |       |       |       |       |     2 ||     2
Armor: Robe              |    16 |     7 |       |       |       |       ||    23
       Scale mail        |       |    14 |       |       |       |       ||    14
       Leather armour    |       |    21 |    54 |    51 |       |       ||   126
       Skin              |       |       |     1 |       |       |     3 ||     4
       Troll leather arm |       |       |       |    66 |   187 |   164 ||   417
Dodge: Dodged            |    57 |   137 |   205 |   952 |  1160 |  1062 ||  3573
Block: Buckler           |       |       |       |   159 |    28 |       ||   187
       Tower shield      |       |       |       |       |  1642 |  1949 ||  3591

Table legend: (Time is in decaauts)
 A = Elapsed time spent in this place.
 B = Non-inter-level travel time spent in this place.
 C = Inter-level travel time spent in this place.
 D = Time resting spent in this place.
 E = Time spent auto-exploring this place.
 F = Levels seen in this place.
 G = Mean time per level.
                   A        B        C        D        E       F      G
               +--------+--------+--------+--------+--------+-----+--------+
         Total |  36347 |  33448 |   2899 |   9137 |  11914 |  28 | 1298.1 |
       Dungeon |  21433 |  19133 |   2300 |   5719 |   7196 |  15 | 1428.9 |
          Lair |   8209 |   7742 |    467 |   2159 |   3199 |   6 | 1368.2 |
         Swamp |   1383 |   1373 |     10 |    217 |    311 |   2 |  691.5 |
   Spider Nest |   2537 |   2527 |     10 |    548 |    298 |   2 | 1268.5 |
  Orcish Mines |   2235 |   2124 |    111 |    364 |    832 |   2 | 1117.5 |
       Ossuary |    548 |    548 |      0 |    129 |     77 |   1 |  548.0 |
               +--------+--------+--------+--------+--------+-----+--------+

Top non-repeatable levels by time:
  Lair:6: 2931 daAuts
    D:10: 2520 daAuts
     D:7: 1807 daAuts
     D:4: 1701 daAuts
    D:13: 1645 daAuts
    D:12: 1644 daAuts
     D:8: 1562 daAuts
  Lair:2: 1538 daAuts
   Orc:2: 1395 daAuts
    D:11: 1383 daAuts
Spider:2: 1377 daAuts
    D:15: 1349 daAuts
     D:2: 1284 daAuts
     D:6: 1249 daAuts
     D:9: 1225 daAuts
